 Dungeon Crawl Stone Soup version 0.20-a0-493-g19c8d8d (webtiles) character file.

447 Klosterheim the Cudgeler (level 6, -1/51 HPs)
             Began as a Demonspawn Abyssal Knight on Jan 16, 2017.
             Was a Priest of Lugonu.
             Killed from afar by Sigmund (9 damage)
             ... with a puff of flame
             ... on level 5 of the Dungeon.
             The game lasted 00:13:54 (4959 turns).

Klosterheim the Cudgeler (DsAK)                     Turns: 4959, Time: 00:13:54

Health: -1/51      AC:  8    Str: 17    XL:     6   Next: 73%
Magic:  7/7        EV: 10    Int: 14    God:    Lugonu [***...]
Gold:   151        SH:  0    Dex: 12    Spells: 5/5 levels left

rFire    . . .     SeeInvis .   a - +1 mace
rCold    . . .     Gourm    .   j - +0 ring mail {MR+}
rNeg     . . .     Faith    .   (no shield)
rPois    .         Spirit   .   s - +1 helmet
rElec    .         Reflect  .   (no cloak)
rCorr    .         Harm     .   l - +0 pair of gloves {Str+3}
MR       +....                  (no boots)
Stlth    +.........             (no amulet)
Regen    0.2/turn               (no ring)
                                (no ring)

@: no status effects
A: claws 2, foul stench 1, rot immunity
a: Depart the Abyss, Bend Space, Banish, Renounce Religion


You were on level 5 of the Dungeon.
You worshipped Lugonu.
Lugonu was most pleased with you.
You were very hungry.

You visited 1 branch of the dungeon, and saw 5 of its levels.
You visited the Abyss 1 time.
You also visited: Sewer.

You collected 151 gold pieces.

Inventory:

Hand Weapons
 a - a +1 mace (weapon)
Armour
 j - a +0 ring mail of magic resistance (worn)
 l - a +0 pair of gloves of strength (worn)
 s - a +1 helmet (worn)
Jewellery
 w - a cursed amulet of inaccuracy {unknown}
Scrolls
 b - a scroll of immolation
 d - a scroll of blinking
 g - a scroll of remove curse
 h - a scroll of enchant weapon {unknown}
 i - a scroll of recharging {unknown}
 p - a scroll of amnesia {unknown}
 q - 2 scrolls of enchant armour {unknown}
 r - 3 scrolls of teleportation
 u - a scroll of identify {unknown}
Potions
 e - a potion of beneficial mutation {unknown}
 f - a potion of agility {unknown}
 m - 3 potions of flight {unknown}
 n - 6 potions of curing {unknown}
 o - a potion of heal wounds {unknown}
 v - a potion of lignification {unknown}
Comestibles
 c - 5 bread rations
 k - a royal jelly
 t - a meat ration


   Skills:
 + Level 5.0 Fighting
 * Level 5.5 Maces & Flails
 - Level 1.7 Armour
 - Level 0.8 Dodging
 - Level 2.4 Invocations


You had 5 spell levels left.
You didn't know any spells.

Dungeon Overview and Level Annotations

Branches:
Dungeon (5/15)
 Temple: D:4-7

Altars:
Ashenzari
Dithmenos
Elyvilon
Gozag
Kikubaaqudgha
Okawaru

Annotations:
D:4 Vajrapani's ghost, amateur DrWn
D:5 Sigmund


Innate Abilities, Weirdness & Mutations

You have very sharp fingernails.
You may emit foul miasma when damaged in melee.
You are immune to rotting.


Message History

You barely miss something.
You hear some strange, mumbled words.
Something tries to affect you, but you resist.
You barely miss something. Something hits you!
Your ring mail prevents you from hitting something.
Something hits you!
* * * LOW HITPOINT WARNING * * *
You emit a cloud of foul miasma!
You hit something. You miss something. Something hits you but does no damage.
You closely miss something.
You hear some strange, mumbled words.
A magic dart appears from out of thin air!
The magic dart hits you!
* * * LOW HITPOINT WARNING * * *
You hit something but do no damage.
You hear some strange, mumbled words.
A puff of flame appears from out of thin air!
The puff of flame hits you!
You die...

.........#
.........#
.........#
.........#
.........#
.........#+###
.............#
.......<.....#
..........@..#
##+######{...#
#.....#
#.....+
#..)..#
#.....#
#######


There were no monsters in sight!

Vanquished Creatures
  A big kobold (Sewer)
  A scorpion (D:4)
  2 hounds (D:4)
  2 orc wizards (D:3)
  An iguana (D:4)
  A hound zombie (D:5)
  Robin (D:4)
  3 adders
  A river rat (D:3)
  An ooze (D:3)
  4 worms
  2 dart slugs
  A leopard gecko (D:1)
  3 orcs (D:3)
  7 bats
  5 giant cockroaches
  14 goblins
  8 hobgoblins
  12 jackals
  A quokka (D:2)
  5 ball pythons
  7 frilled lizards
  12 kobolds
  13 rats
108 creatures vanquished.

Notes
Turn   | Place    | Note
-------+----------+-------------------------------------------
     0 | Abyss:1  | Klosterheim the Demonspawn Abyssal Knight began the quest for the Orb.
     0 | Abyss:1  | Reached XP level 1. HP: 18/18 MP: 2/2
    69 | Abyss:1  | Noticed a freezing wraith
    75 | Abyss:1  | Noticed a small abomination
    75 | Abyss:1  | Noticed an ancient zyme
    79 | D:1      | Escaped the Abyss
   203 | D:1      | Gained mutation: You have sharp fingernails. [demonic ancestry]
   203 | D:1      | Reached XP level 2. HP: 23/24 MP: 3/3
   604 | D:1      | Reached * piety under Lugonu
  1158 | D:1      | Gained mutation: You have very sharp fingernails. [demonic ancestry]
  1158 | D:1      | Reached XP level 3. HP: 29/29 MP: 4/4
  2514 | D:2      | Reached ** piety under Lugonu
  2528 | D:2      | Gained mutation: You are immune to rotting. [demonic ancestry]
  2528 | D:2      | Reached XP level 4. HP: 36/37 MP: 5/5
  2792 | D:3      | Found an opulent altar of Gozag.
  2865 | D:3      | Found a shadowy altar of Dithmenos.
  2942 | D:3      | Found a glowing drain.
  3135 | Sewer    | Entered a sewer
  3202 | Sewer    | Noticed a big kobold
  3227 | Sewer    | Killed a big kobold
  3227 | Sewer    | Reached XP level 5. HP: 27/43 MP: 6/6
  3395 | Sewer    | Found a glowing silver altar of Zin.
  3829 | D:3      | Found a white marble altar of Elyvilon.
  3879 | D:3      | Found an ancient bone altar of Kikubaaqudgha.
  3881 | D:3      | Found a shattered altar of Ashenzari.
  3897 | D:3      | Found a faded altar of an unknown god.
  4021 | D:3      | Gained mutation: You may emit foul miasma when damaged in melee. [demonic ancestry]
  4021 | D:3      | Reached XP level 6. HP: 46/49 MP: 7/7
  4182 | D:4      | Noticed Robin
  4182 | D:4      | Reached *** piety under Lugonu
  4186 | D:4      | Reached skill level 5 in Maces & Flails
  4234 | D:4      | Killed Robin
  4616 | D:4      | Reached skill level 5 in Fighting
  4638 | D:4      | Noticed Vajrapani's ghost (amateur DrWn)
  4822 | D:3      | Found an iron altar of Okawaru.
  4920 | D:5      | Entered Level 5 of the Dungeon
  4921 | D:5      | Noticed Sigmund
  4959 | D:5      | Killed from afar by Sigmund

Vault maps used:
D:1:      sevenhm_arrival_forest_fort_small_3
D:3:      old_standard_altar, nicolae_overflow_hidden_temple,
          nicolae_gozag_seed_capital, first_bread, portal_sewer_entry_a,
          chequers_ecumenical_altar_simple_redux
D:4:      uniq_robin, uniq_menkaure
D:5:      vehumet_altar_wand_db, nicolae_overflow_crystal_walls, uniq_sigmund,
          uniq_grinder, uniq_blork_the_orc
Sewer:    sewer_kobolds

Skill      XL: |  1  2  3  4  5  6 |
---------------+-------------------+-----
Maces & Flails | 2 3 4 5 |  5.5
Fighting       | 4 5 |  5.0
Armour         | |  1.7
Dodging        | |  0.8
Invocations    | |  2.4

Action                   |  1- 3 |  4- 6 || total
-------------------------+-------+-------++-------
Melee: Mace              |   141 |   266 ||   407
Invok: Depart the Abyss  |     1 |       ||     1
       Bend Space        |       |     8 ||     8
  Use: Scroll            |       |     4 ||     4
 Stab: Sleeping          |     2 |       ||     2
  Eat: Chunk             |     5 |     7 ||    12
Armor: Leather armour    |    25 |       ||    25
       Ring mail         |    13 |    71 ||    84
       Scale mail        |       |    84 ||    84
Dodge: Dodged            |    96 |   149 ||   245
